 Dungeon Crawl Stone Soup version 0.28.0-43-g3370ac3207 (webtiles) character file.

Game seed: 17035990027929924331

1666 Revguard the Magician (level 8, -2/91 HPs)
             Began as a Demonspawn Gladiator on Mar 9, 2022.
             Was an Initiate of Yredelemnul.
             Succumbed to a water moccasin's poison
             ... on level 6 of the Dungeon.
             The game lasted 00:17:03 (6507 turns).

Revguard the Magician (Demonspawn Gladiator)        Turns: 6507, Time: 00:17:04

Health: -2/91      AC: 11    Str: 15    XL:     8   Next: 69%
Magic:  15/15      EV: 13    Int: 11    God:    Yredelemnul [......]
Gold:   249        SH:  0    Dex: 15    Spells: 15/17 levels left

rFire   . . .      SeeInvis +   f - +2 hand axe (vamp)
rCold   . . .      Faith    .   (no shield)
rNeg    . . .      Spirit   .   b - +0 leather armour
rPois   .          Reflect  .   c - +0 helmet
rElec   .          Harm     .   l - scarf {repulsion}
rCorr   .          Rampage  .   (no gloves)
Will    .....                   e - +2 pair of boots
Stlth   ..........              (no amulet)
HPRegen 0.25/turn               g - +4 ring of protection
MPRegen 0.28/turn               j - ring of see invisible

@: berserking (expiring), lethally poisoned (-2 -> -16), repel missiles, very
quick
A: magic regeneration, demonic magic 3, demonic touch 1
a: Renounce Religion, Recall Undead Harvest


You were on level 6 of the Dungeon.
You worshipped Yredelemnul.
Yredelemnul was noncommittal.
You visited 2 branches of the dungeon, and saw 7 of its levels.
You also visited: Sewer.

You collected 249 gold pieces.

Inventory:

Hand Weapons
 a - a +1 war axe
 f - a +2 vampiric hand axe (weapon)
 k - a +0 broad axe
Missiles
 d - 3 throwing nets (quivered)
Armour
 b - a +0 leather armour (worn)
 c - a +0 helmet (worn)
 e - a +2 pair of boots (worn)
 h - a +0 plate armour
 l - a scarf of repulsion (worn)
Jewellery
 g - a +4 ring of protection (left hand)
 j - a ring of see invisible (right hand)
 m - a +6 ring of dexterity
Wands
 i - a wand of mindburst (1)
 r - a wand of polymorph (8)
 s - a wand of iceblast (4)
 t - a wand of acid (7)
 v - a wand of paralysis (12)
 w - a wand of flame (19)
Scrolls
 n - 2 scrolls of teleportation
 o - 3 scrolls of blinking
 p - a scroll of enchant weapon
 q - 2 scrolls of magic mapping


   Skills:
 + Level 4.6 Fighting
 + Level 4.6 Axes
 - Level 1.7 Throwing
 + Level 3.9 Armour
 + Level 4.7 Dodging
 * Level 5.2 Spellcasting
 + Level 1.1 Transmutations
 + Level 1.9 Invocations
 - Level 2.0 Evocations


You had 15 spell levels left.
You knew the following spells:

 Your Spells              Type           Power      Damage    Failure   Level
a - Wereblood             Tmut           5%         N/A       24%         2

Your spell library contained the following spells:

 Spells                   Type           Power      Damage    Failure   Level
 Beastly Appendage        Tmut           10%        N/A       16%         1
 Spider Form              Tmut/Pois      4%         N/A       52%         3
 Ignite Poison            Fire/Tmut/Pois 3%         N/A       54%         3
 Mephitic Cloud           Conj/Pois/Air  2%         N/A       61%         3
 Freezing Cloud           Conj/Ice/Air   1%         6-21      100%        5


Dungeon Overview and Level Annotations

Branches:
Dungeon (6/15)             Temple (1/1) D:5           Sewer (visited)

Altars:
Ashenzari
Cheibriados
Dithmenos
Elyvilon
Fedhas
Gozag
Hepliaklqana
Kikubaaqudgha
Makhleb
Nemelex Xobeh
Okawaru
Ru
Sif Muna
Trog
Uskayaw
Vehumet
Wu Jian
Xom
Yredelemnul
Zin
The Shining One

Shops:
D:1 *   D:5 !


Innate Abilities, Weirdness & Mutations

You regenerate magic rapidly.
Spells you cast and wands you use may paralyse nearby enemies.
Your touch may inflict minor irresistible damage on your foes.


Message History

The water moccasin bites your spectral jelly!
Your spectral jelly misses the water moccasin.
Okay, then.
A red film seems to cover your vision as you go berserk!
You feel yourself moving faster!
You feel mighty!
* * * LOW HITPOINT WARNING * * *
You feel very sick.
The water moccasin bites your spectral jelly!
Your spectral jelly hits the water moccasin.
The water moccasin bites your spectral jelly.
Your spectral jelly is destroyed!
You feel a strong urge to attack something.
* * * LOW HITPOINT WARNING * * *
You feel sick.
The water moccasin bites you but does no damage.
You barely miss the water moccasin.
The water moccasin is moderately wounded.
* * * LOW HITPOINT WARNING * * *
You feel sick. The water moccasin bites you.
* * * LOW HITPOINT WARNING * * *
You are more poisoned.
The water moccasin poisons you!
You slash the water moccasin!
You feel better.
The water moccasin is severely wounded.
* * * LOW HITPOINT WARNING * * *
You feel very sick. The water moccasin barely misses you.
You slash the water moccasin!
You feel better.
You kill the water moccasin!
A black mist starts to gather...
* * * LOW HITPOINT WARNING * * *
You feel very sick.
Your Transmutations skill increases to level 1!
You are too berserk!
You are too berserk!
* * * LOW HITPOINT WARNING * * *
You feel sick.
You feel a strong urge to attack something.
You die...
Your body rises from the dead as a mindless zombie.

.................#
#######.#.######## #.#
....... ..# ###.#.###
#.# #.#..< #.# #.#####
#.# ...
#.######################
#...............@Z......
#.######################
#.# #.# ###


You could see a friendly water moccasin zombie.

Vanquished Creatures
  Grinder (D:5)
  A water moccasin (D:6)
  Duvessa (D:5)
  A black bear (D:5)
  An ice beast (D:5)
  An ogre (D:4)
  A centaur (D:5)
  2 bullfrogs (Sewer)
  A scorpion (D:4)
  Dowan (D:5)
  A water moccasin skeleton (D:5)
  A howler monkey (D:4)
  A bullfrog skeleton (D:5)
  5 hounds
  2 jellies
  An iguana (D:4)
  Ijyb (D:5)
  An orc wizard (D:4)
  3 hound skeletons
  6 adders
  8 gnolls
  A white imp (D:6)
  An ufetubus (D:4)
  4 worms
  6 orcs
  13 endoplasms
  11 giant cockroaches
  5 goblins
  3 hobgoblins
  3 jackals (D:4)
  8 quokkas
  15 ball pythons
  4 bats
  8 frilled lizards
  4 kobolds
  3 rats
130 creatures vanquished.

Vanquished Creatures (others)
  A spectral jelly (D:6)
1 creature vanquished.

Grand Total: 131 creatures vanquished

Notes
Turn   | Place    | Note
-------+----------+-------------------------------------------
     0 | D:1      | Revguard the Demonspawn Gladiator began the quest for the
                  | Orb.
     0 | D:1      | Reached XP level 1. HP: 16/16 MP: 1/1
   303 | D:1      | Found Opeodghit's Assorted Antiques.
   451 | D:1      | Gained mutation: Spells you cast may paralyse adjacent
                  | enemies. [demonic ancestry]
   451 | D:1      | Reached XP level 2. HP: 22/22 MP: 2/2
   634 | D:1      | Reached skill level 1 in Armour
  1369 | D:2      | Gained mutation: Spells you cast may paralyse nearby
                  | enemies. [demonic ancestry]
  1369 | D:2      | Reached XP level 3. HP: 27/27 MP: 4/4
  2654 | D:3      | Reached skill level 1 in Spellcasting
  3087 | D:3      | Found a glowing drain.
  3098 | Sewer    | Entered a sewer
  3226 | Sewer    | Gained mutation: Your touch may inflict minor irresistible
                  | damage on your foes. [demonic ancestry]
  3226 | Sewer    | Reached XP level 4. HP: 34/34 MP: 5/5
  3557 | Sewer    | Noticed a bullfrog
  3560 | Sewer    | Noticed a bullfrog
  3567 | Sewer    | Killed a bullfrog
  3568 | Sewer    | Reached skill level 2 in Spellcasting
  3568 | Sewer    | Gained mutation: Spells you cast and wands you use may
                  | paralyse nearby enemies. [demonic ancestry]
  3568 | Sewer    | Reached XP level 5. HP: 18/40 MP: 6/8
  3850 | D:4      | Gained mutation: You regenerate magic rapidly. [demonic
                  | ancestry]
  3850 | D:4      | Reached XP level 6. HP: 43/47 MP: 8/10
  4067 | D:4      | Reached skill level 3 in Spellcasting
  4737 | D:4      | Reached XP level 7. HP: 52/52 MP: 12/12
  5055 | D:5      | Entered Level 5 of the Dungeon
  5227 | D:5      | Noticed Ijyb
  5241 | D:5      | Killed Ijyb
  5310 | D:5      | Reached skill level 4 in Spellcasting
  5318 | D:5      | Reached skill level 1 in Evocations
  5341 | D:5      | Found a staircase to the Ecumenical Temple.
  5344 | D:5      | Noticed Grinder
  5353 | D:5      | Paralysed by Grinder for 5 turns
  5368 | D:5      | Paralysed by Grinder for 3 turns
  5379 | D:5      | Killed Grinder
  5380 | D:5      | Reached XP level 8. HP: 25/60 MP: 14/14
  5410 | Temple   | Entered the Ecumenical Temple
  5414 | Temple   | Learned a level 2 spell: Wereblood
  5742 | Temple   | Became a worshipper of Yredelemnul the Dark
  5857 | D:5      | Found Itwuuzaxt's Distillery.
  5964 | D:5      | Noticed Dowan
  5964 | D:5      | Noticed Duvessa
  5973 | D:5      | Killed Duvessa
  5973 | D:5      | Killed Dowan
  5974 | D:5      | Reached skill level 1 in Invocations
  6063 | D:5      | Reached skill level 5 in Spellcasting
  6503 | D:6      | HP: 4/91 [water moccasin (4)]
  6506 | D:6      | Reached skill level 1 in Transmutations
  6506 | D:6      | HP: 1/91 [poisoned by a water moccasin]
  6507 | D:6      | Succumbed to a water moccasin's poison

Illustrated notes

Levels and vault maps discovered:
D:1:      dpeg_arrival_rooms_b, layout_loops_corners, serial_shops, shop
D:2:      layout_basic, minmay_misc_feat_square
D:3:      layout_basic, cheibrodos_sewer_entry_bend
D:4:      layout_loops_ring, kennysheep_generic_room_15
D:5:      layout_loops_ring, minmay_temple_entry_grid, serial_shops,
          kennysheep_mini_moat, uniq_ijyb, uniq_grinder, uniq_duvessa
D:6:      layout_basic, marbit_many_paths, chequers_serial_rivers_room_b
Temple:   mainiacjoe_temple_archimedes_tessellation

Skill      XL: |  1  2  3  4  5  6  7  8 |
---------------+-------------------------+-----
Armour         | 1 2 3 |  3.9
Dodging        | 3 4 |  4.7
Spellcasting   | 1 2 3 4 5 |  5.2
Axes           | 3 4 |  4.6
Fighting       | 3 4 |  4.6
Evocations     | 1 2 |  2.0
Invocations    | 1 |  1.9
Transmutations | 1 |  1.1
Throwing       | |  1.7

Action                   |  1- 3 |  4- 6 |  7- 9 || total
-------------------------+-------+-------+-------++-------
Melee: War axe           |    26 |       |       ||    26
       Punch             |     4 |     2 |     2 ||     8
       Hand axe          |   126 |   168 |   152 ||   446
       Touch             |       |    25 |    27 ||    52
       Unarmed           |       |       |     2 ||     2
Evoke: Wand              |       |       |     5 ||     5
  Use: Scroll            |     4 |     2 |     2 ||     8
       Potion            |       |     4 |     6 ||    10
 Stab: Paralysed         |       |       |     9 ||     9
Armor: Leather armour    |    52 |    76 |    85 ||   213
       Plate armour      |     3 |       |       ||     3
Dodge: Dodged            |    88 |   151 |   116 ||   355
